Map: Catalyst LE

Players

Kas

  • Race: Terran Terran
  • Spawn Location: 11:00

Cure - Winner!

  • Race: Terran Terran
  • Spawn Location: 5:00

Event: IEM Season 12 - Katowice

VOD

Have the link to the VOD?

Description

Time

  • Played on: Feb. 27, 2018, 10:07 a.m.
  • Length: 15:06

All games in this series

Show
View Real Time Build Order
Export as new Build Order

Kas Terran 

Build Orders: Cyclone Opening, Gas First Reaper Expand, Reaper Expand, Bio Tank 

Get SALT Encoding   

  12  0:00  SCV  
  13  0:13  SCV  
  14  0:19  Supply Depot  
  14  0:25  SCV  
  15  0:31  Refinery  
  15  0:41  SCV  
  16  0:45  Barracks  
  16  0:53  SCV  
  17  1:05  SCV  
  18  1:17  SCV  
  19  1:33  Reaper, Orbital Command  
  20  1:52  Command Center  
  20  1:59  Factory  
  20  2:02  SCV  
  21  2:09  Barracks Reactor  
  21  2:12  Supply Depot  
  21  2:16  SCV  
  22  2:28  SCV  
  23  2:40  SCV  
  24  2:46  Cyclone, Marine x2  
  29  2:52  SCV  
  30  3:00  Command Center  
  29  3:06  SCV  
  30  3:16  Bunker, Marine  
  30  3:19  SCV, Marine  
  33  3:24  Orbital Command  
  33  3:32  Factory Tech Lab  
  33  3:34  SCV  
  34  3:41  Refinery  
  34  3:45  Marine x2  
  34  3:46  SCV  
  37  3:50  SCV  
  38  3:55  Siege Tank  
  38  3:58  SCV  
  42  4:03  SCV, Barracks  
  42  4:04  Marine x2  
  44  4:10  SCV  
  44  4:12  Orbital Command  
  44  4:15  SCV  
  46  4:20  Engineering Bay  
  46  4:22  SCV  
  47  4:24  Marine  
  47  4:25  Marine  
  47  4:27  SCV  
  53  4:34  SCV  
  53  4:38  Factory Tech Lab  
  51  4:40  SCV  
  51  4:41  SCV  
  51  4:44  Supply Depot  
  53  4:46  SCV  
  53  4:47  Terran Infantry Weapons Level 1  
  53  4:51  Barracks Reactor, Barracks, Refinery  
  53  4:52  SCV  
  55  4:54  SCV, Marine  
  55  4:55  Stimpack  
  57  5:00  SCV, Refinery  
  58  5:08  Siege Tank  
  58  5:09  SCV  
  58  5:13  Marine  
  63  5:17  SCV  
  64  5:23  Supply Depot x2  
  64  5:24  Supply Depot  
  64  5:25  Barracks  
  64  5:26  Barracks  
  64  5:29  Marine  
  64  5:31  Marine  
  64  5:33  SCV  
  64  5:34  Marauder  
  69  5:38  SCV  
  69  5:42  Siege Tank  
  65  5:48  SCV x2  
  62  5:50  Marine x4  
  62  5:56  SCV  
  67  6:00  SCV  
  67  6:01  SCV, Marauder  
  67  6:03  Starport  
  71  6:07  Marine  
  71  6:08  SCV, Marine  
  71  6:10  Marine  
  71  6:11  Marine  
  75  6:13  Barracks Tech Lab  
  75  6:14  Barracks Tech Lab  
  75  6:16  SCV  
  77  6:19  Siege Tank  
  77  6:21  SCV  
  77  6:22  Marauder  
  83  6:27  Supply Depot  
  83  6:28  SCV  
  83  6:29  Supply Depot, Orbital Command  
  88  6:33  Concussive Shells, Marauder x2  
  88  6:35  Combat Shields  
  88  6:38  SCV  
  89  6:40  Starport Reactor  
  89  6:44  Marauder  
  89  6:46  Terran Infantry Armor Level 1  
  91  6:50  Supply Depot, Marine  
  91  6:52  Marine x2  
  91  6:53  Marine  
  97  6:54  Marauder  
  97  6:55  SCV  
  97  6:56  SCV  
  97  6:59  Supply Depot  
  99  7:03  Marauder  
  99  7:04  Siege Tank  
  99  7:08  Marauder  
  106  7:10  SCV x2  
  106  7:14  SCV  
  111  7:15  Marauder  
  111  7:20  Supply Depot x2, Medivac x2  
  115  7:24  Marine x2  
  115  7:25  Marine  
  115  7:26  Marine  
  115  7:27  Marauder  
  115  7:28  SCV  
  122  7:30  Supply Depot  
  122  7:32  SCV  
  122  7:34  SCV  
  124  7:38  Refinery  
  124  7:41  SCV  
  124  7:42  Siege Tank, Marauder x2  
  132  7:45  Supply Depot  
  132  7:46  Marine x3  
  132  7:47  Marine  
  132  7:48  Marine  
  132  7:50  SCV x2  
  139  8:00  Medivac  
  139  8:02  Medivac  
  143  8:07  Command Center  
  143  8:10  Engineering Bay  
  143  8:11  Armory  
  143  8:12  Marauder x2  
  147  8:13  Supply Depot  
  147  8:17  Supply Depot  
  147  8:18  Siege Tank  
  150  8:28  Marine  
  150  8:29  Marauder  
  150  8:33  Marauder  
  155  8:41  Marine, Marauder  
  140  8:44  Marine  
  140  8:48  Marine x2  
  129  8:49  Medivac x2  
  129  8:50  Marauder  
  129  8:54  SCV, Barracks x2  
  129  8:55  SCV, Barracks, Marauder  
  141  8:56  SCV  
  141  9:02  Marauder  
  140  9:06  SCV  
  140  9:07  SCV  
  142  9:11  Marauder  
  142  9:15  Marine x3  
  142  9:16  Siege Tank, Marauder  
  152  9:23  Planetary Fortress  
  152  9:24  SCV x3, Marauder  
  154  9:30  Marine  
  157  9:33  Marine, Marauder  
  157  9:36  SCV x2  
  157  9:37  Marauder, Terran Infantry Weapons Level 2  
  157  9:38  Terran Infantry Armor Level 2  
  164  9:55  SCV  
  165  10:02  Marauder  
  165  10:03  Marauder  
  165  10:04  Marine, Marauder  
  165  10:06  Barracks Tech Lab  
  165  10:07  Barracks Reactor, Barracks Tech Lab  
  172  10:12  SCV  
  172  10:18  SCV  
  172  10:19  SCV, Marine x2  
  172  10:21  Medivac x2  
  178  10:24  Marauder x2  
  178  10:26  Supply Depot, Starport, Marauder  
  178  10:27  Starport  
  184  10:32  SCV  
  184  10:33  SCV  
  175  10:35  SCV  
  175  10:38  Marauder  
  175  10:45  SCV  
  175  10:47  SCV  
  172  10:51  Viking x2  
  175  10:57  Missile Turret x2  
  175  11:02  Marauder x2  
  175  11:03  SCV  
  180  11:05  Refinery x2  
  180  11:06  Sensor Tower  
  180  11:07  Missile Turret, SCV  
  180  11:09  Starport Reactor  
  180  11:10  Starport Tech Lab, Terran Ship Weapons Level 1  
  181  11:12  Marauder  
  181  11:14  SCV x2  
  181  11:15  SCV  
  181  11:17  Marine x3, Refinery  
  189  11:25  Missile Turret, Viking x2  
  193  11:44  SCV x2, Starport  
  193  11:46  Starport  
  195  11:49  Command Center  
  194  12:03  Viking  
  196  12:10  Command Center  
  196  12:11  Supply Depot  
  196  12:23  Viking x3  
  180  12:34  Viking x3  
  165  12:47  Liberator  
  165  12:55  Fusion Core  
  165  12:57  Viking x4  
  173  13:02  Marauder  
  175  13:06  Orbital Command  
  175  13:09  SCV  
  176  13:15  SCV, Liberator x3  
  176  13:18  Liberator  
  138  13:30  Liberator  
  138  13:31  Liberator, Marine x7, Marauder x4  
  134  13:39  Orbital Command  
  134  13:40  Command Center  
  137  13:42  Viking  
  137  13:46  Advanced Ballistics  
  145  13:54  Liberator  
  145  13:58  Marauder  
  145  14:00  Marauder  
  149  14:04  Marine x2, Marauder x2  
  149  14:08  Marine x2  
  149  14:09  Marine x2, Marauder  
  161  14:15  Medivac  
  166  14:19  Marauder  
  166  14:23  Supply Depot  
  168  14:27  Viking  
  167  14:32  Viking  
  167  14:33  Viking x3  
  175  14:41  Marine  
  175  14:42  Marine x2, Marauder x2  
Show
View Real Time Build Order
Export as new Build Order

Cure Terran - Winner!

Build Orders: Reaper Expand, Mech 

Get SALT Encoding   

  12  0:00  SCV  
  13  0:12  SCV  
  14  0:17  Supply Depot  
  14  0:25  SCV  
  15  0:38  SCV  
  15  0:41  Barracks  
  16  0:43  Refinery  
  16  0:50  SCV  
  17  1:02  SCV  
  18  1:15  SCV  
  19  1:28  Reaper, Orbital Command  
  20  1:43  Command Center  
  20  1:54  SCV, Refinery  
  21  2:00  Reaper  
  22  2:05  Supply Depot  
  22  2:06  SCV  
  23  2:27  SCV  
  24  2:32  Factory  
  23  2:39  Barracks Reactor, SCV  
  24  2:51  SCV  
  24  2:56  Orbital Command  
  25  3:03  SCV  
  26  3:15  SCV  
  27  3:21  Cyclone x2  
  27  3:23  SCV  
  34  3:28  SCV  
  34  3:33  Supply Depot  
  35  3:35  SCV  
  35  3:40  SCV  
  37  3:44  Command Center  
  37  3:47  SCV  
  38  3:52  SCV  
  38  3:53  Cyclone x2  
  45  3:57  Supply Depot  
  45  4:01  SCV  
  46  4:04  SCV  
  46  4:05  Refinery  
  46  4:07  Refinery  
  47  4:13  SCV  
  47  4:16  SCV  
  49  4:20  Engineering Bay  
  49  4:25  SCV  
  49  4:28  SCV  
  49  4:29  Cyclone x2  
  57  4:37  SCV  
  58  4:40  SCV  
  59  4:49  SCV  
  59  4:50  Barracks Tech Lab  
  59  4:52  SCV  
  61  4:53  Factory  
  61  4:56  Orbital Command  
  61  5:01  SCV  
  61  5:04  SCV  
  63  5:11  Starport  
  63  5:13  SCV  
  64  5:14  Barracks Tech Lab  
  64  5:16  SCV  
  64  5:18  Siege Tank  
  64  5:20  Factory  
  68  5:25  SCV  
  69  5:32  Supply Depot, SCV, Armory  
  68  5:37  Orbital Command  
  68  5:38  SCV  
  63  5:48  SCV  
  61  5:50  Starport Reactor, SCV  
  61  5:51  Siege Tank  
  65  5:57  Siege Tank  
  65  6:01  SCV  
  65  6:02  SCV  
  65  6:03  SCV  
  71  6:05  Refinery  
  71  6:06  Hellion x2  
  71  6:08  Refinery  
  75  6:12  Supply Depot  
  75  6:13  SCV  
  75  6:14  SCV  
  75  6:15  SCV  
  78  6:20  Armory  
  78  6:22  Terran Vehicle Weapons Level 1  
  78  6:25  SCV  
  79  6:26  SCV  
  79  6:27  SCV  
  79  6:30  Viking x2  
  85  6:34  Siege Tank  
  85  6:35  Hellion x2  
  85  6:38  Supply Depot  
  92  6:40  Supply Depot, SCV  
  92  6:45  SCV x2, Siege Tank  
  98  6:52  SCV  
  99  6:54  Missile Turret  
  99  6:55  Missile Turret  
  99  6:57  SCV  
  99  7:00  SCV  
  101  7:01  Supply Depot  
  101  7:04  Supply Depot, SCV  
  101  7:06  Infernal Pre-Igniter, Siege Tank  
  105  7:08  Terran Vehicle And Ship Armor Level 1  
  105  7:09  SCV  
  106  7:17  Hellion, Siege Tank  
  106  7:18  Hellion  
  106  7:21  SCV x3  
  116  7:28  Sensor Tower  
  116  7:30  Missile Turret  
  116  7:31  Viking  
  116  7:34  Viking  
  120  7:40  Factory  
  122  7:44  Hellion  
  122  7:47  Widow Mine  
  124  7:52  Factory  
  124  7:57  Siege Tank  
  130  7:58  Siege Tank  
  130  8:01  Missile Turret  
  130  8:04  Supply Depot  
  130  8:05  Missile Turret, Supply Depot  
  130  8:06  Command Center  
  130  8:07  Viking  
  132  8:16  Supply Depot x2  
  132  8:17  Terran Vehicle Weapons Level 2  
  132  8:22  Viking  
  132  8:29  Missile Turret, Factory Tech Lab  
  130  8:37  Siege Tank x2  
  120  8:44  Factory Reactor  
  120  8:45  Hellion x2  
  121  8:52  Medivac x2  
  125  8:58  Siege Tank  
  128  9:10  Siege Tank  
  128  9:12  Hellion x2  
  128  9:14  Missile Turret, Siege Tank  
  128  9:16  Missile Turret  
  138  9:23  Terran Vehicle And Ship Armor Level 2  
  133  9:26  Command Center  
  133  9:27  Hellion x2  
  133  9:29  Missile Turret  
  137  9:31  Liberator  
  137  9:34  Hellion x2  
  137  9:35  Liberator  
  137  9:37  Siege Tank  
  144  9:46  Command Center  
  144  9:49  Hellion x2  
  154  10:00  Command Center  
  154  10:03  Siege Tank  
  154  10:05  Hellion x3  
  163  10:09  Hellion  
  161  10:22  Missile Turret  
  161  10:24  Missile Turret  
  161  10:33  Siege Tank  
  161  10:34  Hellion x4, Siege Tank  
  171  10:41  Siege Tank  
  170  10:45  Viking x2  
  170  10:47  Starport  
  174  10:50  Starport  
  174  10:54  Refinery  
  172  11:05  Refinery  
  172  11:14  Terran Ship Weapons Level 1  
  172  11:15  Fusion Core  
  172  11:19  Command Center  
  172  11:25  Viking x2, Starport Tech Lab  
  176  11:27  Starport Reactor, Planetary Fortress  
  174  11:42  Orbital Command  
  174  11:46  Terran Vehicle And Ship Armor Level 3  
  174  11:54  Missile Turret  
  174  11:57  Viking x2  
  174  11:58  Viking  
  174  12:05  Smart Servos  
  174  12:06  Viking x2  
  176  12:09  Starport  
  176  12:10  Starport  
  176  12:19  Orbital Command  
  142  12:39  Viking x5  
  152  12:45  SCV x4  
  152  12:48  Refinery  
  156  12:51  Siege Tank  
  156  12:52  Siege Tank, Liberator  
  156  12:54  Sensor Tower  
  156  12:55  Orbital Command  
  161  12:59  Liberator  
  161  13:04  Missile Turret  
  161  13:05  Planetary Fortress  
  162  13:13  Advanced Ballistics  
  162  13:24  Siege Tank  
  162  13:26  Hellion  
  162  13:27  Hellion x5  
  159  13:29  Liberator  
  152  13:36  Liberator  
  152  13:37  SCV x5  
  152  13:38  Missile Turret  
  157  13:43  Refinery x2  
  157  13:47  SCV  
  164  13:48  Siege Tank  
  164  13:49  SCV x3  
  164  13:50  Liberator x3  
  170  13:58  Sensor Tower  
  179  14:20  Hellion, Siege Tank  
  179  14:21  Hellion  
  179  14:22  Hellion  
  188  14:29  Viking  
  192  14:38  Starport Reactor x2  

Tags
 
Add a new tag
Caveats
  • Supply blocks, unpowered buildings, or Contaminate may cause inaccurate times.
  • Supply counts are checked every 10 seconds.